 Dungeon Crawl Stone Soup version 0.31-a0-1272-g9f703e4c1d (webtiles) character file.

Game seed: 2488379758978750272

497 Farzbarn the Shield-Bearer (level 6, -7/56 HPs)
             Began as a Minotaur Fighter on Dec 17, 2023.
             Mangled by a small abomination (19 damage)
             ... on level 3 of the Dungeon.
             The game lasted 00:05:03 (1944 turns).

Farzbarn the Shield-Bearer (Minotaur Fighter)       Turns: 1944, Time: 00:05:04

Health: -7/56      AC:  9    Str: 23    XL:     6   Next: 93%
Magic:  5/5        EV: 10    Int:  5    God:
Gold:   73         SH:  9    Dex:  9    Spells: 5/5 levels left

rFire   . . .        a - +0 war axe
rCold   . . .        c - +0 buckler
rNeg    + . .        b - +0 scale mail
rPois   .            (helmet restricted)
rElec   .            (no cloak)
rCorr   .            l - +1 pair of gloves
SInv    .            (no boots)
Will    .....        f - amulet of reflection Stlth
                     e - ring of positive energy
HPRegen 0.29/turn    (no ring)
MPRegen 0.09/turn

%: reflection
@: mighty
A: horns 2, retaliatory headbutt
a: no special abilities


You were on level 3 of the Dungeon.
You visited 1 branch of the dungeon, and saw 3 of its levels.

You collected 112 gold pieces.
You spent 39 gold pieces at shops.

Inventory:

Hand Weapons
 a - a +0 war axe (weapon)
Armour
 b - a +0 scale mail (worn)
 c - a +0 buckler (worn)
 l - a +1 pair of gloves (worn)
Jewellery
 e - a ring of positive energy (left hand)
 f - an amulet of reflection (around neck)
Scrolls
 j - 3 scrolls of enchant weapon
 m - a scroll of poison {unknown}
 n - a scroll of brand weapon {unknown}
Potions
 g - a potion of berserk rage {unknown}
 h - a potion of lignification {unknown}
 i - a potion of attraction {unknown}
 k - 2 potions of curing


   Skills:
 + Level 5.3 Fighting
 + Level 4.5 Axes
 + Level 5.2 Armour
 + Level 3.2 Dodging
 + Level 5.3 Shields


You had 5 spell levels left.
You didn't know any spells.
Your spell library contained the following spells:

 Spells                   Type           Power      Damage    Failure   Level
 Kiss of Death            Conj/Necr      0%         2d5       83%         1
 Metabolic Englaciation   Hex/Ice        0%         N/A       100%        5
 Simulacrum               Ice/Necr       0%         N/A       100%        6
 Borgnjor's Revivificati  Necr           0%         N/A       100%        8


Dungeon Overview and Level Annotations

Branches:
Dungeon (3/15)

Altars:
Kikubaaqudgha

Shops:
D:2 !   D:3 [

Portals:
Abyss: D:3

Annotations:
D:3 1 transporter, leebro123's ghost, amateur VSBr


Innate Abilities, Weirdness & Mutations

You have a pair of horns on your head.
You reflexively headbutt those who attack you in melee.


Message History

The small abomination is severely damaged.
You block the small abomination's attack.
The small abomination hits you!
Unknown command.
You slash the small abomination!
You destroy the small abomination!
Unknown command.
Unknown command.
You hit the small abomination. You headbutt the small abomination.
The small abomination is moderately damaged.
The small abomination closely misses you.
You slash the small abomination!
The small abomination is severely damaged.
The small abomination hits you.
You block the small abomination's attack.
Unknown command.
You hit the small abomination.
The small abomination is almost destroyed.
The small abomination hits you! You block leebro123's ghost's attack.
Unknown command.
You are too injured to fight recklessly!
Unknown command.
You are too injured to fight recklessly!
Unknown command.
Unknown command.
You are too injured to fight recklessly!
Unknown command.
You are too injured to fight recklessly!
Unknown command.
You are too injured to fight recklessly!
You hit the small abomination but do no damage.
The small abomination is almost destroyed.
You closely miss leebro123's ghost. The small abomination hits you.
* * * LOW HITPOINT WARNING * * *
Leebro123's ghost hits you.
* * * LOW HITPOINT WARNING * * *
Leebro123's ghost freezes you.
* * * LOW HITPOINT WARNING * * *
The small abomination hits you!!
You die...

#..>###.#..###.########.####....#
#.....................#.####.....
#.........©...........#.......#.#
#........###..###.....#######.#.#
#...###.##.####.##....# #.#.#
#...#.###...##...#....# #.#.#
....#$#..#.#..##©#©...# #"#.#
....##∩....?.(.#x##...# #†..#
.....#.x#.W.###W@.##..# #..##
.#...##..#.##.##..##..## #..#
.#....##.#.#..##©##....# #..#
.......#...##..###.....# #..#
.......#.#..#..........# #..#
.....### #####.........# #..#
.....# # ... #####.....######..#
....##.# ###..##.##))..........#
....#g# ##.##....[#.).#######..#


You could see a small abomination and leebro123's ghost.

Vanquished Creatures
  Grinder (D:3)
  A small abomination (D:3)
  An orc priest (D:3)
  Natasha (twice) (D:3)
  An orc wizard (D:3)
  5 adders
  2 worms
  2 dart slugs (D:1)
  7 orcs (D:3)
  4 endoplasms
  6 giant cockroaches
  7 goblins
  8 hobgoblins
  2 jackals (D:3)
  2 quokkas
  6 ball pythons
  9 bats
  4 frilled lizards
  7 kobolds
  4 rats
81 creatures vanquished.

Notes
Turn   | Place    | Note
-------+----------+-------------------------------------------
     0 | D:1      | Farzbarn the Minotaur Fighter began the quest for the Orb.
     0 | D:1      | Reached XP level 1. HP: 19/19 MP: 0/0
    63 | D:1      | Reached XP level 2. HP: 27/27 MP: 1/1
   361 | D:1      | Reached skill level 1 in Dodging
   514 | D:2      | Reached XP level 3. HP: 29/33 MP: 2/2
   733 | D:2      | Reached XP level 4. HP: 39/40 MP: 3/3
   992 | D:2      | Found an ancient bone altar of Kikubaaqudgha.
  1008 | D:2      | Found Vuruot's Distillery.
  1022 | D:2      | Bought a potion of curing for 39 gold pieces
  1224 | D:3      | Found a one-way gate to the infinite horrors of the Abyss.
  1224 | D:3      | Noticed leebro123's ghost (amateur VSBr)
  1224 | D:3      | Noticed a small abomination
  1253 | D:3      | Reached XP level 5. HP: 34/47 MP: 4/4
  1335 | D:3      | Noticed Grinder
  1349 | D:3      | Killed Grinder
  1350 | D:3      | Reached skill level 5 in Fighting
  1350 | D:3      | Reached skill level 5 in Armour
  1350 | D:3      | Reached skill level 5 in Shields
  1350 | D:3      | Reached XP level 6. HP: 56/56 MP: 5/5
  1417 | D:3      | Found a transporter.
  1436 | D:3      | Found a transporter.
  1584 | D:3      | Noticed Natasha
  1592 | D:3      | Killed Natasha
  1599 | D:3      | Got the Grimoire of the Dragonfly
  1701 | D:3      | Found Arhuruga's Armour Boutique.
  1873 | D:3      | Noticed Natasha
  1875 | D:3      | Killed Natasha
  1931 | D:3      | Noticed a small abomination
  1944 | D:3      | Mangled by a small abomination

Illustrated notes

Levels and vault maps discovered:
D:1:      heliophobic_arrival_enchanted_forest, layout_rooms, serial_bayou,
          serial_bayou_shore_b, serial_bayou_shore_b, serial_bayou_shore_a,
          serial_bayou_pond_e, serial_bayou_pond_b
D:2:      layout_basic, basic_altar, serial_shops, shop
D:3:      layout_loops_ring, serial_shops, nicolae_shop_tiny_glass,
          gammafunk_ghost_abyssal_escape, chequers_serial_rivers_micro_e,
          eino_tiny_chamber, hangedman_decor_lopped, lexackson_kobold_supper,
          uniq_grinder, uniq_natasha

Skill      XL: |  1  2  3  4  5  6 |
---------------+-------------------+-----
Dodging        | 1 2 3 |  3.2
Fighting       | 4 5 |  5.3
Shields        | 4 5 |  5.3
Armour         | 4 5 |  5.2
Axes           | 3 4 |  4.5

Action                     |  1- 3 |  4- 6 || total
---------------------------+-------+-------++-------
  Melee: War axe           |    64 |   119 ||   183
         Headbutt          |     8 |    12 ||    20
    Use: Scroll            |     5 |     2 ||     7
         Potion            |       |     1 ||     1
 Armour: Scale mail        |    55 |    68 ||   123
  Dodge: Dodged            |    30 |    47 ||    77
  Block: Buckler           |    19 |    67 ||    86

Table legend: (Time is in decaauts)
 A = Elapsed time spent in this place.
 B = Non-inter-level travel time spent in this place.
 C = Inter-level travel time spent in this place.
 D = Time resting spent in this place.
 E = Time spent auto-exploring this place.
 F = Levels seen in this place.
 G = Mean time per level.
                   A        B        C        D        E       F      G
               +--------+--------+--------+--------+--------+-----+--------+
         Total |   2035 |   1947 |     88 |      0 |   1422 |   3 |  678.3 |
       Dungeon |   2035 |   1947 |     88 |      0 |   1422 |   3 |  678.3 |
               +--------+--------+--------+--------+--------+-----+--------+

Top non-repeatable levels by time:
     D:3: 918 daAuts
     D:2: 579 daAuts
     D:1: 537 daAuts
